 Dungeon Crawl Stone Soup version 0.31.0-32-g396128a36d (webtiles) character file.

Game seed: 1103879001921741380

450 Ijustatesigmund the Magician (level 7, -2/48 HPs)
             Began as an Octopode Conjurer on Mar 20, 2024.
             Was an Initiate of Cheibriados.
             Slain by an ogre
             ... wielding a +0 giant spiked club
              (24 damage)
             ... on level 5 of the Dungeon.
             The game lasted 00:07:54 (4552 turns).

Ijustatesigmund the Magician (Octopode Conjurer)    Turns: 4552, Time: 00:07:54

Health: -2/48      AC:  1    Str:  7    XL:     7   Next: 4%
Magic:  22/22      EV: 13    Int: 24    God:    Cheibriados [......]
Gold:   76         SH:  0    Dex: 11    Spells: 7/14 levels left

rFire   + . .        e - +2 long sword (flame)
rCold   + . .        (no shield)
rNeg    . . .        (helmet restricted)
rPois   .            (no amulet)
rElec   .            m - ring of magical power
rCorr   .            f - ring of protection from cold
SInv    .            o - ring of willpower
Will    +....        x - ring of protection from fire
Stlth   +++          (no ring)
HPRegen 0.28/turn    (no ring)
MPRegen 0.18/turn    (no ring)
                     (no ring)

%: no passive effects
@: very slow
A: almost no armour, amphibious, 8 rings, camouflage 1, gelatinous body 1,
(nimble swimmer 1), tentacles
a: Renounce Religion


You were on level 5 of the Dungeon.
You worshipped Cheibriados.
Cheibriados was noncommittal.
You visited 2 branches of the dungeon, and saw 6 of its levels.

You collected 148 gold pieces.
You spent 72 gold pieces at shops.

Inventory:

Hand Weapons
 e - a +2 long sword of flaming (weapon)
 t - a +0 mace of protection
Armour
 i - a +1 tower shield
Jewellery
 f - a ring of protection from cold (right tentacle)
 m - a ring of magical power (left tentacle)
 o - a ring of willpower (on tentacle)
 x - a ring of protection from fire (on tentacle)
Scrolls
 c - a scroll of fear {unknown}
 k - a scroll of enchant armour
 l - a scroll of teleportation {unknown}
 n - a scroll of noise {unknown}
 q - a scroll of poison {unknown}
 s - a scroll of revelation {unknown}
 u - a scroll of immolation {unknown}
 w - a scroll of fog {unknown}
 y - a scroll of identify
Potions
 a - a potion of magic
 b - a potion of lignification
 d - 2 potions of resistance
 g - 10 potions of curing
 j - 2 potions of attraction
 p - a potion of brilliance
 r - 2 potions of haste
 v - a potion of enlightenment {unknown}


   Skills:
 + Level 4.2 Fighting
 - Level 2.0 Dodging
 - Level 2.6 Stealth
 + Level 4.4 Spellcasting
 - Level 4.0 Conjurations
 + Level 2.3 Translocations
 + Level 1.4 Invocations


You had 7 spell levels left.
You knew the following spells:

 Your Spells              Type           Power      Damage    Failure   Level
a - Magic Dart            Conj           96%        1d7       1%          1
b - Searing Ray           Conj           48%        2d6       2%          2
c - Iskenderun's Mystic   Conj/Tloc      20%        2d6       26%         4

Your spell library contained the following spells:

 Spells                   Type           Power      Damage    Failure   Level
 Blink                    Tloc           32%        N/A       5%          2
 Call Imp                 Summ           10%        N/A       14%         2
 Fulminant Prism          Conj/Alch      7%         3d6       38%         4


Dungeon Overview and Level Annotations

Branches:
Dungeon (5/15)             Temple (1/1) D:4

Altars:
Ashenzari
Cheibriados
Elyvilon
Fedhas
Gozag
Hepliaklqana
Kikubaaqudgha
Makhleb
Okawaru
Qazlal
Ru
Sif Muna
Trog
Uskayaw
Vehumet
Wu Jian
Yredelemnul
Zin
The Shining One

Shops:
D:4 !(*[[


Innate Abilities, Weirdness & Mutations

You cannot wear most types of armour.
You are amphibious.
You can wear up to eight rings at the same time.
Your skin changes colour to match your surroundings (Stealth+).
Your rubbery body absorbs attacks. (AC +1, EV +1)
((You are camouflaged when in or above water. (Stealth+)))
You have tentacles for arms and can constrict up to eight enemies at once.


Message History

You open the door.
There is an open door here.
You open the door.
There is an open door here.
You open the door.
An orc comes into view. It is wielding a +0 flail.
There is an open door here.
You slash the orc! You burn the orc.
You kill the orc!
Cheibriados appreciates the change of pace.
No target in view!
No target in view!
No target in view!
No target in view!
No target in view!
No target in view!
No target in view!
There is an open door here.
You open the door.
There is an open door here.
An ogre comes into view. It is wielding a +0 giant spiked club.
The ogre shouts!
A hound comes into view.
Found a club.
The hound barks!
You hit the hound. You burn the hound. Your grab misses the hound.
Your squeeze misses the hound.
The hound is moderately wounded.
The hound misses you. The ogre barely misses you. The hound misses you.
You hit the hound but do no damage. Your grab misses the hound.
Your squeeze misses the hound.
The hound is moderately wounded.
The hound bites you. x2
The ogre hits you with a +0 giant spiked club!
You closely miss the hound. You grab the hound. You squeeze the hound.
The hound is moderately wounded.
You constrict the hound. The hound bites you. The hound barely misses you.
The ogre hits you with a +0 giant spiked club!!
Ouch! That really hurt!
You die...

##..#######...#
#............#.....)#
#............#......#
#............#......#
#............#......#
##............#......#
#......##...###.....
####...######..hO.#
#.........'...@.#
#.........#.....#
####.####..##.....#####
.....# #.######.....#
..#..# #......'.....#
..#..# ##.....#.....#
..#..+ ###...#.....#
.....# #####'##........
.....##
#......#........


You could see an ogre and a hound.

Vanquished Creatures
  A scorpion (D:4)
  A howler monkey (D:5)
  3 bombardier beetles
  An orc priest (D:5)
  Jessica (D:2)
  An iguana (D:5)
  9 adders
  4 dart slugs
  4 ribbon worms
  6 orcs (D:5)
  8 ball pythons
  A bat (D:2)
  An endoplasm (D:3)
  2 giant cockroaches
  3 goblins
  3 hobgoblins
  7 jackals
  6 quokkas
  4 frilled lizards
  5 kobolds
  7 rats
78 creatures vanquished.

Notes
Turn   | Place    | Note
-------+----------+-------------------------------------------
     0 | D:1      | Ijustatesigmund the Octopode Conjurer began the quest for
                  | the Orb.
     0 | D:1      | Reached XP level 1. HP: 11/11 MP: 3/3
   380 | D:1      | Reached skill level 1 in Fighting
   380 | D:1      | Reached XP level 2. HP: 18/18 MP: 3/5
   383 | D:1      | Learned a level 2 spell: Searing Ray
  1257 | D:2      | Reached XP level 3. HP: 23/23 MP: 4/6
  1755 | D:2      | Noticed Jessica
  1761 | D:2      | Killed Jessica
  1762 | D:2      | Reached XP level 4. HP: 23/30 MP: 8/8
  2440 | D:3      | Reached XP level 5. HP: 36/36 MP: 10/10
  2445 | D:3      | Learned a level 4 spell: Iskenderun's Mystic Blast
  3306 | D:4      | Found Ippih's Distillery.
  3314 | D:4      | Bought a potion of curing for 36 gold pieces
  3314 | D:4      | Bought a potion of lignification for 36 gold pieces
  3331 | D:4      | Reached skill level 1 in Translocations
  3331 | D:4      | Reached XP level 6. HP: 21/43 MP: 12/12
  3544 | D:4      | Found Histiw's Armour Emporium.
  3865 | D:4      | Found Emeocosm's General Store.
  3871 | D:4      | Found Munur's Antique Weapon Emporium.
  4042 | D:4      | Found a staircase to the Ecumenical Temple.
  4057 | D:4      | Found Raosib's Antique Armour Shoppe.
  4079 | Temple   | Entered the Ecumenical Temple
  4085 | Temple   | Became a worshipper of Cheibriados the Contemplative
  4178 | D:5      | Entered Level 5 of the Dungeon
  4410 | D:5      | Reached skill level 1 in Invocations
  4513 | D:5      | Reached XP level 7. HP: 45/48 MP: 13/13
  4552 | D:5      | Slain by an ogre

Illustrated notes

Levels and vault maps discovered:
D:1:      amcnicky_arrival_gap_in_the_tavern_cellar, layout_basic,
          minmay_misc_feat_diagonals, hangedman_decor_growths
D:2:      layout_loops_corners, minmay_liquid_box, uniq_jessica
D:3:      layout_basic, grunt_ministairs_6, guppyfry_early_lair_pool
D:4:      layout_basic, minmay_temple_entry_glassed_door, serial_shops,
          nicolae_shop_rolling_square, nicolae_shop_trees, shop,
          nicolae_shop_stone, shop
D:5:      layout_gridville, gammafunk_temple_overflow_statue,
          grunt_ministairs_6, grunt_decor_clamped
Temple:   nicolae_temple_bog_church

Skill      XL: |  1  2  3  4  5  6 |
---------------+-------------------+-----
Fighting       | 1 2 3 4 |  4.2
Spellcasting   | 3 4 |  4.4
Translocations | 1 2 |  2.3
Invocations    | 1 |  1.4
Dodging        | |  2.0
Stealth        | |  2.6
Conjurations   | |  4.0

Action                     |  1- 3 |  4- 6 |  7- 9 || total
---------------------------+-------+-------+-------++-------
  Melee: Short sword       |    27 |    25 |       ||    52
         Tentacles         |     7 |    24 |     1 ||    32
         Constrict         |     5 |    25 |     1 ||    31
         Punch             |       |     1 |       ||     1
         Mace              |       |    23 |       ||    23
         Long sword        |       |    45 |     4 ||    49
   Cast: Magic Dart        |    35 |    14 |       ||    49
         Searing Ray       |       |     2 |       ||     2
    Use: Scroll            |     3 |     5 |       ||     8
   Stab: Sleeping          |     3 |    13 |       ||    16
 Armour: Skin              |     9 |    40 |     5 ||    54
  Dodge: Dodged            |    15 |    66 |     4 ||    85
